AoeStats
← [ KOF ] M. Kowalski

Arabia

504027382Analyzed
1v1 RM · 27d ago on Sep 3, 2026· 33m 50s· 2 players
Game mode
Random Map
Map size
Tiny (2 player)
Population
200
Speed
Normal
Resources
Standard
Victory
Conquest
Starting age
Dark Age
Ending age
Imperial Age
RankedLock teamsTeams togetherTeam positionsShared explorationLock speedFull tech treeHidden civsTurbo modeCheats
Victory
Defeat
🇦🇷 Khitans · Argentina
1174
+16
🇧🇿 Persians · Belize
1172
-16
rrhaburn14
7:08 Loom
9:48 Feudal Age
11:09 Double-Bit Axe
13:10 Horse Collar
26:36 Castle Age
24:49 Gold Mining
[ KOF ] M. Kowalski
6:14 Loom
9:09 Feudal Age
10:00 Double-Bit Axe
15:03 Forging
15:15 Domestication
20:10 Wheelbarrow
19:54 Scale Barding Armor
28:46 Castle Age
27:16 Gold Mining
28:49 Light Cavalry
30:50 Iron Casting
30:16 Pastoralism
30:27 Bow Saw
30:18 Town Watch
30:47 Husbandry
Connection lost

Rejoining the realm…

Still unreachable

The connection could not be restored.

Session expired

The server has moved on; the page needs a fresh start.